 Dungeon Crawl Stone Soup version 0.28-a0-475-g7dc2aef8ca (webtiles) character file.

Game seed: 17544721057140050207

513 Dabor the Skirmisher (level 7, 0/82 HPs)
             Began as a Formicid Abyssal Knight on Sept 16, 2021.
             Was a Follower of Lugonu.
             Slain by an adder (1 damage)
             ... on level 3 of the Dungeon.
             The game lasted 00:09:47 (6109 turns).

Dabor the Skirmisher (Formicid Abyssal Knight)      Turns: 6109, Time: 00:09:47

Health: 0/82       AC: 30    Str: 19    XL:     7   Next: 43%
Magic:  10/10      EV:  2    Int: 11    God:    Lugonu [*.....]
Gold:   169        SH:  0    Dex: 10    Spells: 6/6 levels left

rFire   . . .      SeeInvis .   c - +2 scythe (protect)
rCold   . . .      Faith    .   (no shield)
rNeg    + + +      Spirit   .   (armour currently unavailable)
rPois   +          Reflect  .   (helmet unavailable)
rElec   .          Harm     .   (cloak currently unavailable)
rCorr   .          Rampage  .   (gloves currently unavailable)
Will    .....                   (boots currently unavailable)
Stlth   +.........              (no amulet)
HPRegen 0.23/turn               (no ring)
MPRegen 0.12/turn               (no ring)

@: lethally poisoned (0 -> -1), tree-form, under a protective aura
A: stationary, stasis, torment immunity, boosted hp, permanent stasis, dig
shafts and tunnels, (antennae 3), four strong arms
a: Renounce Religion, Depart the Abyss


You were on level 3 of the Dungeon.
You worshipped Lugonu.
Lugonu was aware of your devotion.
You were a tree.
You visited 1 branch of the dungeon, and saw 4 of its levels.
You visited the Abyss 1 time.

You collected 169 gold pieces.

Inventory:

Hand Weapons
 a - a +1 spear
 c - a +2 scythe of protection (weapon)
 j - a +4 dagger of electrocution
Armour
 b - a +0 leather armour
 e - a +0 ring mail (melded)
Scrolls
 k - a scroll of teleportation
Potions
 d - a potion of lignification
 i - a potion of flight


   Skills:
 + Level 4.8 Fighting
 + Level 3.7 Polearms
 + Level 4.1 Armour
 + Level 3.0 Dodging
 + Level 4.3 Invocations


You had 6 spell levels left.
You didn't know any spells.
Your spell library contained the following spells:

 Spells                   Type           Power      Damage    Failure   Level
 Animate Skeleton         Necr           0%         N/A       34%         1
 Pain                     Necr           0%         1d4       34%         1
 Vampiric Draining        Necr           0%         2d6       71%         3


Dungeon Overview and Level Annotations

Branches:
Dungeon (4/15)             Temple (0/1) D:4

Altars:
Trog


Innate Abilities, Weirdness & Mutations

You are a tree.
Your roots penetrate the ground, keeping you stationary.
You cannot be teleported.
You are immune to unholy pain and torment.
Your maximum health is greatly increased.
Your equipment is partially melded.
You cannot be hasted, slowed, berserked, paralysed or teleported.
You can dig through walls and to a lower floor.
((You have a pair of large antennae on your head. (SInv)))
Your four strong arms can wield two-handed weapons with a shield.


Message History

You kill the adder!
Lugonu accepts your kill.
You feel sick.
You are no longer poisoned.
The adder closely misses you. x2
You see here an adder corpse.
The adder barely misses you. The adder closely misses you.
You see here 21 stones.
You barely miss the adder. The adder bites you.
* * * LOW HITPOINT WARNING * * *
The adder bites you.
* * * LOW HITPOINT WARNING * * *
You are poisoned.
The adder poisons you!
You closely miss the adder.
You feel very sick. The adder closely misses you.
The adder bites you but does no damage. The adder bites you.
* * * LOW HITPOINT WARNING * * *
You are lethally poisoned!
The adder poisons you!
* * * LOW HITPOINT WARNING * * *
You feel sick.
It was a potion of lignification.
You turn into a tree.
Your +0 ring mail melds into your body.
Your roots penetrate the ground.
* * * LOW HITPOINT WARNING * * *
You feel sick.
The adder bites you but does no damage. x2
Okay, then.
You hit the adder.
Your weapon exudes an aura of protection.
The adder is lightly wounded.
* * * LOW HITPOINT WARNING * * *
You feel sick. The adder barely misses you.
The adder bites you but does no damage.
You hit the adder.
The adder is lightly wounded.
* * * LOW HITPOINT WARNING * * *
You feel sick. The adder bites you.
You die...

## ####### ##...#
.# #.....# #....#
.###.....# #....#
.#.......# #....#
.#.#.....# ####.#
.#.......# #.#
.#.†####.# #.#
....####.# #.#
.##.#..#.# #♣#
.##.#..#.# #S#
.##......# #.#
.........#######(#
.####......).†...#
.# ##############
##


You could see an adder.

Vanquished Creatures
  Sigmund (D:2)
  A black bear (D:4)
  Natasha (thrice) (D:2)
  An orc wizard (D:4)
  7 gnolls
  5 adders
  A worm (D:3)
  3 orcs
  5 ball pythons
  4 endoplasms
  3 giant cockroaches
  9 goblins
  2 hobgoblins
  2 jackals (D:1)
  3 kobolds
  2 quokkas
  3 bats (D:3)
  4 rats
59 creatures vanquished.

Vanquished Creatures (collateral kills)
  A worm (D:2)
1 creature vanquished.

Grand Total: 60 creatures vanquished

Notes
Turn   | Place    | Note
-------+----------+-------------------------------------------
     0 | Abyss:1  | Dabor the Formicid Abyssal Knight began the quest for the
                  | Orb.
     0 | Abyss:1  | Reached XP level 1. HP: 18/18 MP: 2/2
    79 | Abyss:1  | Noticed a chaos spawn
    81 | D:1      | Escaped the Abyss
   176 | D:1      | Reached skill level 1 in Dodging
   243 | D:1      | Reached XP level 2. HP: 7/24 MP: 3/3
   807 | D:1      | Reached * piety under Lugonu
   965 | D:1      | Reached XP level 3. HP: 29/29 MP: 4/4
  1499 | D:2      | Reached XP level 4. HP: 9/37 MP: 6/6
  1755 | D:2      | Noticed Natasha
  1763 | D:2      | Killed Natasha
  1780 | D:2      | Noticed Natasha
  1799 | D:2      | Killed Natasha
  1800 | D:2      | Reached XP level 5. HP: 11/42 MP: 7/7
  1922 | D:2      | Noticed Natasha
  1955 | D:2      | Killed Natasha
  2158 | D:2      | Noticed Sigmund
  4167 | D:2      | Killed Sigmund
  4168 | D:2      | Reached XP level 6. HP: 26/49 MP: 8/8
  4565 | D:2      | Found a faded altar of an unknown god.
  5457 | D:3      | Found a bloodstained altar of Trog.
  5521 | D:3      | Reached XP level 7. HP: 55/55 MP: 10/10
  5987 | D:4      | Found a staircase to the Ecumenical Temple.
  6107 | D:3      | HP: 4/82 [poisoned by an adder]
  6109 | D:3      | HP: 1/82 [poisoned by an adder]
  6109 | D:3      | Slain by an adder

Illustrated notes

Levels and vault maps discovered:
D:1:      dpeg_arrival_line_fractal, layout_loops_corners, kennysheep_crisscross
D:2:      layout_rooms, hellmonk_ecumenical_altar_pennies_from_heaven,
          uniq_natasha, uniq_sigmund
D:3:      layout_loops_cross, mainiacjoe_overflow_tiny_flanked, st_stairs_11
D:4:      layout_cave_pools, nicolae_overflow_hidden_temple,
          minmay_temple_entry_offerings, portal_sewer_entry_e

Skill      XL: |  1  2  3  4  5  6  7 |
---------------+----------------------+-----
Dodging        | 1 2 3 |  3.0
Invocations    | 3 4 |  4.3
Armour         | 3 4 |  4.1
Fighting       | 4 |  4.8
Polearms       | 3 |  3.7

Action                   |  1- 3 |  4- 6 |  7- 9 || total
-------------------------+-------+-------+-------++-------
Melee: Spear             |    88 |   133 |       ||   221
       Scythe            |       |    61 |    64 ||   125
Invok: Depart the Abyss  |     1 |       |       ||     1
  Use: Scroll            |     2 |     5 |     1 ||     8
       Potion            |       |     3 |     1 ||     4
Armor: Ring mail         |    25 |    41 |    60 ||   126
       Skin              |       |       |     3 ||     3
Dodge: Dodged            |    43 |   118 |    97 ||   258

Table legend: (Time is in decaauts)
 A = Elapsed time spent in this place.
 B = Non-inter-level travel time spent in this place.
 C = Inter-level travel time spent in this place.
 D = Time resting spent in this place.
 E = Time spent auto-exploring this place.
 F = Levels seen in this place.
 G = Mean time per level.
                   A        B        C        D        E       F      G
               +--------+--------+--------+--------+--------+-----+--------+
         Total |   6224 |   6161 |     63 |   2471 |   2592 |   5 | 1244.8 |
       Dungeon |   6143 |   6080 |     63 |   2471 |   2592 |   4 | 1535.8 |
         Abyss |     81 |     81 |      0 |      0 |      0 |   1 |   81.0 |
               +--------+--------+--------+--------+--------+-----+--------+

Top non-repeatable levels by time:
     D:1: 2541 daAuts
     D:2: 2151 daAuts
     D:3: 1186 daAuts
     D:4: 265 daAuts
 Abyss:1: 81 daAuts
